AoeStats
← CBuHDiesel

Migration

508493395Analyzed
1v1 RM · 11d ago on Sep 22, 2026· 60m 3s· 2 players
Game mode
Random Map
Map size
132×132
Population
200
Speed
Normal
Resources
Standard
Victory
Conquest
Starting age
Dark Age
Ending age
Imperial Age
RankedLock teamsTeams togetherTeam positionsShared explorationLock speedFull tech treeHidden civsTurbo modeCheats
Victory
Defeat
🇪🇨 Portuguese · Ecuador
667
+19
🇷🇺 Burmese · Russia
735
-19
tcesin15
7:08 Loom
10:41 Feudal Age
13:38 Double-Bit Axe
23:26 Castle Age
21:05 Man-at-Arms
21:32 Arson
27:10 Light Cavalry
29:02 Pikeman
30:15 Elite Skirmisher
37:18 Gold Mining
41:05 Fletching
41:16 Padded Archer Armor
41:27 Forging
41:18 Scale Mail Armor
45:48 Imperial Age
43:55 Wheelbarrow
43:05 Town Watch
43:40 Leather Archer Armor
43:20 Bodkin Arrow
45:59 Capped Ram
47:19 Conscription
52:18 Circumnavigation
54:27 Bloodlines
54:46 Stone Mining
55:40 Iron Casting
55:06 Horse Collar
56:15 Heavy Plow
56:13 Bodkin Arrow
56:49 Ring Archer Armor
CBuHDiesel
12:32 Feudal Age
13:17 Fishing Lines
13:56 Loom
21:35 Castle Age
19:07 Man-at-Arms
20:48 Forging
21:06 Scale Mail Armor
20:59 Stone Mining
21:01 Gold Mining
22:10 Scale Barding Armor
22:09 Gillnets
21:59 Long Swordsman
22:28 Gambesons
23:11 Squires
24:06 Medium Warships
24:16 Demolition Ship
27:35 Iron Casting
27:16 Chain Mail Armor
29:54 Gold Shaft Mining
32:58 Imperial Age
31:04 Masonry
31:16 Manipur Cavalry
33:33 Bloodlines
33:24 Husbandry
34:03 Two-Handed Swordsman
34:35 Cavalier
35:29 Murder Holes
36:56 Chemistry
37:56 Wheelbarrow
36:46 Cavalier
40:28 Hand Cart
43:57 Champion
51:57 Elite Cannon Galleon
52:13 Elite Battle Elephant
52:55 Elite Battle Elephant
59:27 Ballistics
Connection lost

Rejoining the realm…

Still unreachable

The connection could not be restored.

Session expired

The server has moved on; the page needs a fresh start.